 Dungeon Sprint DCSS version 0.31-a0-986-g5e6e4ef867 (webtiles) character file.

Game seed: 2918524013336057291

132 rocky1 the Changeling (level 5, -3/46 HPs)
             Began as a Naga Shapeshifter on Nov 24, 2023.
             Was an Elder of Cheibriados.
             Slain by an orc knight
             ... wielding a +0 glaive
              (15 damage)
             ... in the Dungeon (Sprint VI: "Thunderdome").
             The game lasted 00:03:04 (323 turns).

rocky1 the Changeling (Naga Shapeshifter)            Turns: 323, Time: 00:03:04

Health: -3/46      AC:  2    Str: 26    XL:     5   Next: 63%
Magic:  2/7        EV: 11    Int: 22    God:    Cheibriados [****..]
Gold:   400        SH:  0    Dex: 21    Spells: 4/4 levels left

rFire   . .          .
                       - Unarmed
rCold   . . .        (no shield)
rNeg    . . .        a - +0 animal skin
rPois   +            (helmet currently unavailable)
rElec   .            (cloak currently unavailable)
rCorr   .            (gloves currently unavailable)
SInv    +            (no barding)
Will    .....        (no amulet)
Stlth   ++           (no ring)
HPRegen 0.27/turn    (no ring)
MPRegen 0.10/turn

%: no teleportation
@: beast-form, very slow
A: beast (slay +4), AC +1, large, see invisible, deformed body, poison
resistance, slowness 2, spit poison 1, naga tail 1
a: Spit Poison, Begin Untransformation, Renounce Religion, Bend Time, Temporal
Distortion, Slouch


You were in the Dungeon.
You worshipped Cheibriados.
Cheibriados was greatly pleased with you.
You were a hulking beast.
You visited 1 branch You collected 400 gold pieces.

Inventory:

Armour
 a - a +0 animal skin (worn)
Talismans
 c - a beast talisman
 d - a flux talisman
Wands
 l - a wand of acid (5)
 m - a wand of roots (5)
Scrolls
 j - 4 scrolls of blinking
 n - 3 scrolls of fog
Potions
 b - a potion of lignification
 e - a potion of curing
 g - 4 potions of haste
 h - 2 potions of magic
 k - a potion of resistance


   Skills:
 * Level 2.5 Fighting
 + Level 2.5 Dodging
 - Level 0.1 Stealth
 * Level 7.3 Unarmed Combat
 * Level 2.9 Invocations
 * Level 7.5 Shapeshifting


You had 4 spell levels left.
You didn't know any spells.
Your spell library was empty.

Dungeon Overview and Level Annotations

Branches:
Dungeon (1/1)

Altars:
Cheibriados
Dithmenos
Fedhas
Gozag
Kikubaaqudgha
Makhleb
Okawaru
Qazlal
Ru
Sif Muna
Trog
Uskayaw
Vehumet
Wu Jian
Xom
Yredelemnul
Zin
The Shining One
Lugonu

Shops:
D *[=??*?*:[((!!!!


Innate Abilities, Weirdness & Mutations

You are a hulking beast.
Your limbs bulge with bestial killing power. (Slay +4)
Your serpentine skin is tough. (AC +1)
You have supernaturally acute eyesight. (SInv)
Armour fits poorly on your strangely shaped body.
Your system is resistant to poisons. (rPois)
You cover ground very slowly.
You can spit poison.
You have a snake-like lower body.


Message History

You can now step out of the flow of time.
Cheibriados raises the support of your attributes as your movement slows.
Victory!
Score multiplier: 4x You now have 132 arena points (gained 84).
The flame-cult kobold explodes!
Unknown command.
You have got your breath back.
You now have 400 gold pieces (gained 120).
Okay, then.
Get ready!
ROUND 4!
FIGHT!
You sense a tension in the west.
An orc knight comes into view. It is wielding a +0 glaive.
The orc knight shouts!
The orc knight unwields a +0 glaive.
The orc knight wields a +0 arbalest.
The orc knight shoots a bolt.
The bolt barely misses you.
The orc knight shoots a bolt.
The bolt barely misses you.
The orc knight shoots a bolt.
The bolt barely misses you.
The orc knight shoots a bolt.
The bolt hits you!!
The orc knight shoots a bolt.
The bolt hits you!
You feel much better.
The orc knight shoots a bolt.
The bolt hits you.
Activating: Slouch (38% risk of failure)
Press: ? - help, Dir - look around, f - activate You can feel time thicken for a moment.
You can no longer step out of the flow of time.
Cheibriados lowers the support of your attributes as your movement quickens.
The orc knight shoots a bolt.
The bolt hits you!
The orc knight shoots a bolt.
The bolt hits you!
* * * LOW HITPOINT WARNING * * *
The orc knight shoots a bolt.
The bolt barely misses you.
You feel much better.
The orc knight shoots a bolt.
The bolt closely misses you.
You feel much better.
The orc knight shoots a bolt.
The bolt hits you!!
Ouch! That really hurt!
* * * LOW HITPOINT WARNING * * *
Unknown command.
The orc knight unwields a +0 arbalest.
The orc knight wields a +0 glaive.
The orc knight hits you with a +0 glaive!
You die...

#.............###............
⌠...)).....###...###.........
⌠......)...# #.<.# #.........
⌠.....)....###...###.........
#.....).......###............
###∩........8.# #.8........∩#
##∩._.......###......___∩##
######.8.........8.######
#⌠.oh........⌠#
###.........### #_......._#
#_......._# #_......._#
#∩.......∩# ##∩.....∩##
##.....## ##⌠⌠⌠##


You could see an orc knight.

Vanquished Creatures
  2 phantoms (D)
  2 river rats (D)
  An adder zombie (D)
  A bat zombie (D)
  6 kobolds (D)
  A quokka (D)
  A ball python zombie (D)
  2 rats (D)
16 creatures vanquished.

Notes
Turn   | Place    | Note
-------+----------+-------------------------------------------
     0 | D        | rocky1 the Naga Shapeshifter began the quest for the Orb.
     0 | D        | Reached XP level 1. HP: 18/18 MP: 1/1
     3 | D        | Found a glowing golden altar of the Shining One.
     3 | D        | Found a snail-covered altar of Cheibriados.
     4 | D        | Found an ancient bone altar of Kikubaaqudgha.
     4 | D        | Found an ornate altar of the Wu Jian Council.
     4 | D        | Round 1.
     5 | D        | Found an iron altar of Okawaru.
     5 | D        | Found a blossoming altar of Fedhas.
     6 | D        | Found a stormy altar of Qazlal.
     6 | D        | Found a sacrificial altar of Ru.
     6 | D        | Found Tudduor's Weapon Rack.
     6 | D        | Found Otoliquu's Premium Goods.
     7 | D        | Found Angoel's Basic Armour.
     7 | D        | Found Radastet's Miscellaneous Merchandise.
     8 | D        | Found a basalt altar of Yredelemnul.
    11 | D        | Became a worshipper of Cheibriados the Contemplative
    17 | D        | Found a hide-covered altar of Uskayaw.
    17 | D        | Noticed a phantom
    24 | D        | Killed a phantom
    25 | D        | Reached skill level 5 in Unarmed Combat
    25 | D        | Reached XP level 2. HP: 25/25 MP: 2/2
    25 | D        | Reached XP level 3. HP: 31/31 MP: 3/3
    25 | D        | Reached XP level 4. HP: 38/38 MP: 4/4
    28 | D        | Reached * piety under Cheibriados
    32 | D        | Found Waax's Identification Station.
    32 | D        | Found a burning altar of Makhleb.
    32 | D        | Found a bloodstained altar of Trog.
    32 | D        | Found Bass's Timeless Talismans.
    33 | D        | Found Xiar's Advanced Armour.
    33 | D        | Found Saboeq's Jewellery.
    55 | D        | Found a radiant altar of Vehumet.
    56 | D        | Found a glowing silver altar of Zin.
    57 | D        | Found a corrupted altar of Lugonu.
    58 | D        | Found Viganlir's Magic Scroll Shop.
    60 | D        | Found an opulent altar of Gozag.
    60 | D        | Found a shimmering blue altar of Sif Muna.
    60 | D        | Found Wearuugu's Staff Store.
    61 | D        | Found Utauwoosmu's Magic Scroll Shop.
    61 | D        | Found Suapt's Must-Have Magic.
    65 | D        | Found a shadowy altar of Dithmenos.
    65 | D        | Noticed a phantom
    66 | D        | Found a shimmering altar of Xom.
    75 | D        | Killed a phantom
    76 | D        | Reached skill level 1 in Invocations
    76 | D        | Reached XP level 5. HP: 29/45 MP: 4/6
    89 | D        | Found Rubludghy's Distillery.
    96 | D        | Found Gyohual's Do-It-Yourself Clinic.
    97 | D        | Found Muhifi's Distillery.
    97 | D        | Found Niung's Bottled Wisdom.
   110 | D        | Reached ** piety under Cheibriados
   110 | D        | Arena points: 12 (+12) [x2]
   129 | D        | Round 2.
   141 | D        | Reached *** piety under Cheibriados
   166 | D        | Reached **** piety under Cheibriados
   172 | D        | Arena points: 48 (+36) [x3]
   179 | D        | Round 3.
   279 | D        | Reached ***** piety under Cheibriados
   279 | D        | Arena points: 132 (+84) [x4]
   314 | D        | Round 4.
   315 | D        | Noticed an orc knight
   323 | D        | Slain by an orc knight

Illustrated notes

Levels and vault maps discovered:
D:        arena_sprint

Skill      XL: |  1  2  3  4  5 |
---------------+----------------+-----
Dodging        | 2 |  2.5
Unarmed Combat | 5 7 |  7.3
Shapeshifting  | 6 7 |  7.5
Fighting       | 2 |  2.5
Invocations    | 1 2 |  2.9
Stealth        | |  0.1

Action                     |  1- 3 |  4- 6 || total
---------------------------+-------+-------++-------
  Melee: Unarmed           |     5 |    33 ||    38
         Punch             |       |     1 ||     1
 Invoke: Slouch            |       |     2 ||     2
Ability: Spit Poison       |       |     4 ||     4
    Use: Potion            |     1 |     4 ||     5
 Armour: Animal skin       |     2 |    21 ||    23
  Dodge: Dodged            |     2 |    20 ||    22

Table legend: (Time is in decaauts)
 A = Elapsed time spent in this place.
 B = Non-inter-level travel time spent in this place.
 C = Inter-level travel time spent in this place.
 D = Time resting spent in this place.
 E = Time spent auto-exploring this place.
 F = Levels seen in this place.
 G = Mean time per level.
                   A        B        C        D        E       F      G
               +--------+--------+--------+--------+--------+-----+--------+
         Total |    488 |    488 |      0 |    109 |      0 |   1 |  488.0 |
       Dungeon |    488 |    488 |      0 |    109 |      0 |   1 |  488.0 |
               +--------+--------+--------+--------+--------+-----+--------+

Top non-repeatable levels by time:
       D: 488 daAuts
